Map: Solaris LE

Players

demzi

  • Race: Zerg Zerg
  • Spawn Location: 7:00

ooSEVEN - Winner!

  • Race: Zerg Zerg
  • League: Platinum
  • Spawn Location: 1:00

VOD

Have the link to the VOD?

Description

Time

  • Played on: March 20, 2024, 2:45 p.m.
  • Length: 2:09
Show
View Real Time Build Order
Export as new Build Order

demzi Zerg 

Build Orders:  

Get SALT Encoding   

  12  0:00  Drone  
  13  0:17  Overlord  
  13  0:21  Drone  
  14  0:36  Drone x2  
Show
View Real Time Build Order
Export as new Build Order

ooSEVEN Zerg - Winner!

Build Orders: Pool First 

Get SALT Encoding   

  12  0:00  Drone  
  13  0:08  Drone  
  13  0:13  Extractor  
  13  0:16  Drone  
  13  0:19  Extractor  
  13  0:29  Drone  
  13  0:31  Extractor  
  16  0:45  Spawning Pool  
  15  1:02  Hatchery  
  14  1:12  Overlord  
  14  1:31  Queen  
  16  1:42  Spine Crawler  
  16  1:44  Drone x3  
Tags
 
League
Platinum
Matchup
ZvZ
Opening
Pool First
Race
Zerg
Replay Pack
Multiplayer
Spawn Locations
Cross Positions
Add a new tag
Caveats
  • Supply blocks, unpowered buildings, or Contaminate may cause inaccurate times.
  • Supply counts are checked every 10 seconds.